 Dungeon Sprint DCSS version 0.30-a0-465-g8901f6c8b5 (webtiles) character file.

Game seed: 9550192092006194035

1334 Darkkill the Covert (level 8, 0/59 HPs)
             Began as a Gargoyle Monk on Dec 18, 2022.
             Was a High Priest of Trog.
             Slain by a tyrant leech (20 damage)
             ... in the Dungeon (Sprint VII: "The Pits").
             The game lasted 00:03:01 (1084 turns).

Darkkill the Covert (Gargoyle Monk)                 Turns: 1084, Time: 00:03:03

Health: 0/59       AC: 17    Str: 17    XL:     8   Next: 61%
Magic:  8/8        EV:  6    Int: 11    God:    Trog [*****.]
Gold:   0          SH:  0    Dex: 12    Spells: 7/7 levels left

rFire   . . .      SeeInvis .    b - +5 broad axe (flame)
rCold   . . .      Faith    .    (no shield)
rNeg    + . .      Spirit   .    m - +2 plate armour
rPois   ∞          Reflect  .    (no helmet)
rElec   +          Harm     .    (no cloak)
rCorr   .          Rampage  .    (no gloves)
Will    .....      NoTele   +    (no boots)
Stlth   ..........               (no amulet)
HPRegen 0.29/turn                (no ring)
MPRegen 0.11/turn                (no ring)

@: no status effects
A: sickness immunity, AC +5, negative energy resistance 1, electricity
resistance, torment resistance 1, petrification resistance
a: Renounce Religion, Berserk, Trog's Hand, Brothers in Arms


You were in the Dungeon.
You worshipped Trog.
Trog was extremely pleased with you.
You visited 1 branch

Inventory:

Hand Weapons
 b - a +5 broad axe of flaming (weapon)
Missiles
 k - 10 stones (quivered)
Armour
 m - a +2 plate armour (worn)
Scrolls
 i - a scroll of blinking
 l - a scroll of butterflies
Potions
 a - 2 potions of invisibility
 c - a potion of ambrosia
 d - 6 potions of curing {@q1}
 e - 6 potions of heal wounds
 f - a potion of haste
 g - 4 potions of magic
 h - 2 potions of berserk rage


   Skills:
 + Level 10.8 Fighting
 + Level 9.9 Maces & Flails
 + Level 8.3 Dodging
 + Level 11.3 Stealth


You had 7 spell levels left.
You didn't know any spells.
Your spell library was empty.

Dungeon Overview and Level Annotations

Branches:
Dungeon (1/1)

Altars:
Cheibriados
Dithmenos
Elyvilon
Fedhas
Gozag
Hepliaklqana
Makhleb
Nemelex Xobeh
Okawaru
Qazlal
Ru
Sif Muna
Trog
Vehumet
Wu Jian
Xom
Yredelemnul
Zin
The Shining One
Jiyva
Lugonu


Innate Abilities, Weirdness & Mutations

You are immune to sickness and miasma.
Your stone body is resilient. (AC +5)
You are immune to poison.
You resist negative energy. (rN+)
You are resistant to electric shocks. (rElec)
You are resistant to unholy torment.
You are immune to petrification.


Message History

Your Stealth skill increases to level 10!
You have reached level 8!
You feel clever.
You are no longer berserk.
You are exhausted.
You feel yourself slow down.
There is an open door, spattered with blood here.
Things that are here:
a +0 long sword; a +0 leather armour; an orc corpse You start resting.
You feel yourself speed up.
You start resting.
You recover from your berserk rage.
You start resting.
HP restored.
You start waiting.
Done waiting.
You start waiting.
Done waiting.
You see here a +5 broad axe of flaming.
b - a +5 broad axe of flaming Your +5 broad axe of flaming bursts into flame!
b - a +5 broad axe of flaming (weapon)
You drop a +2 quarterstaff.
There is an open door, spattered with blood here.
Things that are here:
a +0 long sword; a +0 leather armour; an orc skeleton You open the door.
A rat, an ogre, a floating eye and a centaur come into view.
The ogre shouts!
The floating eye turns its gaze towards you.
The centaur shouts!
The centaur wields a +0 shortbow.
The centaur shoots an arrow.
The arrow hits you but does no damage.
The centaur unwields a +0 shortbow.
The centaur hits you but does no damage.
The centaur barely misses you.
The floating eye's stare focuses on you.
There is an open door here.
You slice the centaur!! You burn the centaur.
You kill the centaur!
Trog accepts your kill.
Your Dodging skill increases to level 8!
Your Stealth skill increases to level 11!
You barely miss the floating eye.
The floating eye gazes piercingly through you!
You suddenly lose the ability to move!
The floating eye's stare focuses on you.
The floating eye gazes piercingly through you!
You shrug off the repeated paralysis!
The floating eye seems to glare at you.
You can move again.
You slash the floating eye! You burn the floating eye.
The floating eye is heavily wounded.
You hit the floating eye. You burn the floating eye.
The floating eye is almost dead.
You slice the floating eye!! You burn the floating eye.
You kill the floating eye!
Trog accepts your kill. The ogre hits you with a +0 giant club!
You slash the ogre! You burn the ogre.
The ogre is heavily wounded.
The ogre hits you but does no damage.
You slice the ogre!! You burn the ogre!
You kill the ogre!
Trog accepts your kill.
You slash the rat! You burn the rat.
You kill the rat!
Trog accepts your kill.
Items here: )) ††.
Items here: )) ††.
Okay, then.
There is an open door here.
You start resting.
HP restored.
You open the door.
An endoplasm, a wyvern and a tyrant leech come into view.
The endoplasm quivers.
The wyvern hisses angrily.
There is an open door here.
You slash the wyvern! You burn the wyvern.
The wyvern is moderately wounded.
You slash the endoplasm! You burn the endoplasm.
You kill the endoplasm!
Trog accepts your kill.
You hit the tyrant leech. You burn the tyrant leech.
The wyvern bites you but does no damage.
The wyvern bites you.
The tyrant leech bites you but does no damage.
You hit the wyvern. You burn the wyvern.
The wyvern is heavily wounded.
You miss the tyrant leech.
The wyvern bites you but does no damage.
The wyvern bites you. The tyrant leech bites you!!
You slash the wyvern! You burn the wyvern.
The wyvern is almost dead.
You miss the tyrant leech.
The wyvern bites you but does no damage.
The wyvern bites you! The tyrant leech bites you!!
You die...

#.####†##'###...<...#
#.#........##.......#
#)#........##.......#
#)###########.......#
#.).....#..##########
#..###..#.######
#.......#)#....#
##.###.##'#....#
#.......#.@l...+
#..###..#)#w...#
#.......÷)#....#
################


You could see a tyrant leech and a wyvern.

Vanquished Creatures
  An orc high priest (D)
  A fire bat (D)
  2 floating eyes (D)
  An ogre (D)
  A centaur (D)
  A kobold brigand (D)
  A bullfrog (D)
  A necrophage (D)
  An iron imp (D)
  An orc wizard (D)
  2 gnolls (D)
  3 orcs (D)
  2 ball pythons (D)
  A bat zombie (D)
  2 endoplasms (D)
  A quokka (D)
  A ball python skeleton (D)
  2 rats (D)
25 creatures vanquished.

Notes
Turn   | Place    | Note
-------+----------+-------------------------------------------
     0 | D        | Darkkill the Gargoyle Monk began the quest for the Orb.
     0 | D        | Reached XP level 1. HP: 14/14 MP: 1/1
    19 | D        | Found a bloodstained altar of Trog.
    19 | D        | Found a shimmering blue altar of Sif Muna.
    19 | D        | Found a viscous altar of Jiyva.
    19 | D        | Found a hazy altar of Hepliaklqana.
    19 | D        | Found an opulent altar of Gozag.
    20 | D        | Found a glowing golden altar of the Shining One.
    20 | D        | Found a glowing silver altar of Zin.
    20 | D        | Found a basalt altar of Yredelemnul.
    20 | D        | Found a shimmering altar of Xom.
    20 | D        | Found an ornate altar of the Wu Jian Council.
    20 | D        | Found a sacrificial altar of Ru.
    20 | D        | Found a stormy altar of Qazlal.
    20 | D        | Found an iron altar of Okawaru.
    20 | D        | Found a sparkling altar of Nemelex Xobeh.
    20 | D        | Found a burning altar of Makhleb.
    20 | D        | Found a blossoming altar of Fedhas.
    20 | D        | Found a white marble altar of Elyvilon.
    20 | D        | Found a shadowy altar of Dithmenos.
    20 | D        | Found a snail-covered altar of Cheibriados.
    22 | D        | Found a radiant altar of Vehumet.
    22 | D        | Found a corrupted altar of Lugonu.
    24 | D        | Became a worshipper of Trog the Wrathful
    24 | D        | Reached * piety under Trog
    24 | D        | Reached ** piety under Trog
    78 | D        | Reached skill level 3 in Stealth
    78 | D        | Reached XP level 2. HP: 14/20 MP: 2/2
    80 | D        | Reached skill level 4 in Stealth
    80 | D        | Reached XP level 3. HP: 9/24 MP: 3/3
   449 | D        | Noticed a floating eye
   455 | D        | Paralysed by a floating eye for 3 turns
   460 | D        | Reached *** piety under Trog
   460 | D        | Paralysed by a floating eye for 4 turns
   467 | D        | Killed a floating eye
   468 | D        | Reached skill level 5 in Maces & Flails
   468 | D        | Reached skill level 6 in Stealth
   468 | D        | Reached XP level 4. HP: 32/32 MP: 4/4
   468 | D        | Reached XP level 5. HP: 36/36 MP: 5/5
   537 | D        | Noticed a fire bat
   543 | D        | Reached **** piety under Trog
   546 | D        | Noticed a kobold brigand
   552 | D        | Killed a fire bat
   553 | D        | Reached skill level 5 in Dodging
   553 | D        | Reached skill level 7 in Stealth
   553 | D        | Reached XP level 6. HP: 29/44 MP: 6/6
   558 | D        | Reached skill level 8 in Stealth
   561 | D        | Reached ***** piety under Trog
   576 | D        | Reached skill level 9 in Stealth
   576 | D        | Reached XP level 7. HP: 26/50 MP: 7/7
   730 | D        | Noticed an orc high priest
   743 | D        | Killed an orc high priest
   743 | D        | Received a gift from Trog
   744 | D        | Reached skill level 10 in Fighting
   744 | D        | Reached skill level 10 in Stealth
   744 | D        | Reached XP level 8. HP: 49/58 MP: 8/8
  1028 | D        | Reached skill level 11 in Stealth
  1028 | D        | Paralysed by a floating eye for 4 turns
  1080 | D        | Noticed a wyvern
  1080 | D        | Noticed a tyrant leech
  1084 | D        | Slain by a tyrant leech

Illustrated notes

Levels and vault maps discovered:
D:        pitsprint [storerooms_1, entrance_room_1, metal_vault_5, armoury_2,
          mini_pit_1, grid_room_1, main_hall_1, silver_pit, the_coven_1,
          the_vestibule_1, steel_vault_2, golden_pit, hallway_of_sentries,
          crystal_vault_5, iron_vault_4, final_vault]

Skill      XL: |  1  2  3  4  5  6  7  8 |
---------------+-------------------------+-----
Fighting       | 4 6 7 8 10 | 10.8
Dodging        | 3 4 5 6 7 8 |  8.3
Stealth        | 3 4 6 7 9 10 11 | 11.3
Maces & Flails | 4 5 6 7 9 |  9.9

Action                   |  1- 3 |  4- 6 |  7- 9 || total
-------------------------+-------+-------+-------++-------
Melee: Quarterstaff      |    14 |    36 |    28 ||    78
       Mace              |     2 |       |       ||     2
       Broad axe         |       |       |    11 ||    11
Invok: Berserk           |       |     1 |     1 ||     2
  Use: Potion            |     1 |       |       ||     1
 Stab: Sleeping          |     2 |     1 |       ||     3
Armor: Robe              |     8 |       |       ||     8
       Plate armour      |       |    24 |    18 ||    42
Dodge: Dodged            |     8 |    12 |     4 ||    24

Table legend: (Time is in decaauts)
 A = Elapsed time spent in this place.
 B = Non-inter-level travel time spent in this place.
 C = Inter-level travel time spent in this place.
 D = Time resting spent in this place.
 E = Time spent auto-exploring this place.
 F = Levels seen in this place.
 G = Mean time per level.
                   A        B        C        D        E       F      G
               +--------+--------+--------+--------+--------+-----+--------+
         Total |   1112 |   1092 |     20 |    821 |      0 |   1 | 1112.0 |
       Dungeon |   1112 |   1092 |     20 |    821 |      0 |   1 | 1112.0 |
               +--------+--------+--------+--------+--------+-----+--------+

Top non-repeatable levels by time:
       D: 1112 daAuts

Table legend:
 A = Kills in this place as a percentage of kills in entire the game.
 B = Kills by you in this place as a percentage of kills by you in the entire game.
 C = Kills by friends in this place as a percentage of kills by friends in the entire game.
 D = Other kills in this place as a percentage of other kills in the entire game.
 E = Experience gained in this place as a percentage of experience gained in the entire game.
 F = Experience gained in this place divided by the number of levels of this place that you have seen.
                   A       B       C       D       E      F
               +-------+-------+-------+-------+-------+----------------------
         Total | 100.0 | 100.0 |   N/A |   N/A | 100.0 | 1906.0
       Dungeon | 100.0 | 100.0 |   N/A |   N/A | 100.0 | 1906.0
               +-------+-------+-------+-------+-------+----------------------
